AoeStats
← BeLieb10

Arabia

509783050Analyzed
1v1 RM · 3d ago on Sep 28, 2026· 59m 13s· 2 players
Game mode
Random Map
Map size
Tiny (2 player)
Population
200
Speed
Normal
Resources
Standard
Victory
Conquest
Starting age
Dark Age
Ending age
Imperial Age
RankedLock teamsTeams togetherTeam positionsShared explorationLock speedFull tech treeHidden civsTurbo modeCheats
Victory
Defeat
🇺🇸 Mongols · United States
979
+15
🇦🇷 Lithuanians · Argentina
950
-15
BeLieb10
9:33 Feudal Age
10:41 Double-Bit Axe
12:00 Loom
17:08 Stone Mining
20:45 Castle Age
20:27 Wheelbarrow
19:38 Town Watch
20:27 Forging
22:26 Bow Saw
24:05 Fletching
24:53 Iron Casting
24:26 Scale Barding Armor
25:41 Hand Cart
27:44 Bodkin Arrow
28:09 Chain Barding Armor
27:56 Scale Mail Armor
28:31 Gold Mining
31:25 Town Patrol
31:52 Chain Mail Armor
31:39 Padded Archer Armor
35:24 Imperial Age
35:01 Husbandry
35:11 Bloodlines
34:23 Light Cavalry
35:54 Pikeman
36:35 Squires
39:25 Plate Barding Armor
39:07 Leather Archer Armor
38:53 Bracer
40:05 Chemistry
39:26 Ballistics
39:41 Cavalier
41:08 Masonry
42:20 Horse Collar
43:20 Ring Archer Armor
43:20 Tower Shields
43:41 Conscription
45:49 Elite Skirmisher
60:12 Two-Man Saw
hayd3n18
11:48 Feudal Age
10:03 Loom
19:26 Castle Age
18:34 Wheelbarrow
17:46 Double-Bit Axe
18:42 Scale Barding Armor
19:26 Bloodlines
19:22 Horse Collar
20:43 Husbandry
23:13 Heavy Plow
24:42 Hand Cart
27:52 Forging
31:01 Ballistics
30:37 Murder Holes
30:52 Fortified Wall
37:34 Imperial Age
35:45 Fletching
35:55 Padded Archer Armor
36:31 Iron Casting
36:16 Nomads
36:59 Scale Mail Armor
36:55 Bodkin Arrow
38:19 Squires
38:05 Arson
38:30 Thumb Ring
38:51 Parthian Tactics
38:44 Leather Archer Armor
39:32 Chemistry
39:36 Conscription
39:03 Heavy Camel Rider
39:38 Pikeman
40:22 Bracer
40:55 Elite Mangudai
42:36 Hoardings
43:44 Blast Furnace
42:59 Chain Mail Armor
43:05 Chain Barding Armor
44:34 Town Watch
45:45 Town Patrol
45:43 Gold Mining
45:43 Stone Mining
46:04 Bow Saw
46:31 Drill
48:43 Gold Shaft Mining
48:43 Stone Shaft Mining
49:49 Elite Steppe Lancer
50:27 Heavy Scorpion
52:03 Plate Mail Armor
Connection lost

Rejoining the realm…

Still unreachable

The connection could not be restored.

Session expired

The server has moved on; the page needs a fresh start.